 Dungeon Crawl Stone Soup version 0.21.1-1-g345015f (webtiles) character file.

284 suicidejoker the Skirmisher (level 6, -26/48 HPs)
             Began as a Demonspawn Fighter on May 6, 2018.
             Engulfed by a cloud of flame (30 damage)
             ... on level 3 of the Dungeon.
             The game lasted 00:03:47 (2252 turns).

suicidejoker the Skirmisher (Demonspawn Fighter)    Turns: 2252, Time: 00:03:48

Health: -26/48     AC:  8    Str: 17    XL:     6   Next: 7%
Magic:  6/6        EV: 10    Int:  9    God:
Gold:   172        SH:  9    Dex: 14    Spells: 5/5 levels left

rFire    . . .     SeeInvis .   a - +0 long sword
rCold    . . .     Gourm    .   c - +0 shield
rNeg     . . .     Faith    +   b - +0 scale mail
rPois    .         Spirit   .   A - +0 hat
rElec    .         Reflect  .   (no cloak)
rCorr    .         Harm     .   m - +0 pair of gloves
MR       .....                  (no boots)
Stlth    ..........             x - amulet of faith
HPRegen  0.16/turn              k - +2 ring of evasion
MPRegen  0.10/turn              (no ring)

@: no status effects
A: horns 1, demonic guardian 2
a: no special abilities


You were on level 3 of the Dungeon.
You were not hungry.

You visited 1 branch of the dungeon, and saw 3 of its levels.

You collected 172 gold pieces.

Inventory:

Hand Weapons
 a - a +0 long sword (weapon)
 v - a cursed -1 whip
 y - a +1 flail of protection
Missiles
 g - 18 bolts
 j - 107 stones (quivered)
 q - 17 arrows
Armour
 b - a +0 scale mail (worn)
 c - a +0 shield (worn)
 m - a +0 pair of gloves (worn)
 A - a +0 hat (worn)
Jewellery
 k - a +2 ring of evasion (left hand)
 x - an amulet of faith (around neck)
Scrolls
 e - a scroll of noise
 o - 4 scrolls of blinking {unknown}
 s - 2 scrolls of enchant armour {unknown}
 u - a scroll of remove curse {unknown}
Potions
 h - 2 potions of magic
 i - 2 potions of lignification {unknown}
 n - a potion of degeneration {unknown}
 p - a potion of flight {unknown}
 r - a potion of curing {unknown}
 t - a potion of resistance {unknown}
 w - 2 potions of ambrosia {unknown}
 z - a potion of heal wounds {unknown}
Comestibles
 f - 9 rations


   Skills:
 + Level 3.9 Fighting
 * Level 3.6 Long Blades
 + Level 3.4 Armour
 + Level 1.9 Dodging
 + Level 3.4 Shields


You had 5 spell levels left.
You didn't know any spells.

Dungeon Overview and Level Annotations

Branches:
Dungeon (3/15)

Altars:
Gozag
Uskayaw
Wu Jian
Zin


Innate Abilities, Weirdness & Mutations

You have a pair of small horns on your head.
A demonic guardian rushes to your aid.


Message History

Terence is severely wounded.
Terence hits you but does no damage.
You hit Terence but do no damage.
Terence is severely wounded.
Terence hits you with a short sword. Terence barely misses you.
You hit Terence but do no damage.
Terence is severely wounded.
Terence hits you but does no damage.
You closely miss Terence.
Terence explodes!
The fiery explosion engulfs you!
Ouch! That really hurt!
* * * LOW HITPOINT WARNING * * *
You have reached level 6!
Your experience leads to an increase in your attributes!
Increase (S)trength, (I)ntelligence, or (D)exterity?
You feel agile.
You are engulfed in blazing flames.
Ouch! That really hurt!
You die...

..# #%############
#.# #%.%(.ยง@)($..#
#.# #..#########.#
#.# #.# #.# #.# #.#
#<# #.# #.# ##.##
#######.####...#
...............#
#######...##...####


There were no monsters in sight!

Vanquished Creatures
  Jessica (D:3)
  Natasha (thrice) (D:3)
  Terence (D:3)
  6 adders
  A gnoll (D:1)
  A worm (D:3)
  2 dart slugs
  3 leopard geckos (D:1)
  An orc (D:3)
  A giant cockroach (D:1)
  5 goblins
  7 hobgoblins
  9 jackals (D:1)
  2 quokkas (D:2)
  2 bats (D:2)
  3 frilled lizards
  5 kobolds
  6 rats
59 creatures vanquished.

Vanquished Creatures (collateral kills)
  A scorpion (D:2)
  A worm (D:3)
2 creatures vanquished.

Grand Total: 61 creatures vanquished

Notes
Turn   | Place    | Note
-------+----------+-------------------------------------------
     0 | D:1      | suicidejoker the Demonspawn Fighter began the quest for the Orb.
     0 | D:1      | Reached XP level 1. HP: 18/18 MP: 1/1
   149 | D:1      | Gained mutation: You have a pair of small horns on your head. [demonic ancestry]
   149 | D:1      | Reached XP level 2. HP: 24/24 MP: 2/2
   282 | D:1      | Reached XP level 3. HP: 29/29 MP: 3/3
   888 | D:2      | Reached skill level 1 in Dodging
   951 | D:2      | Found an opulent altar of Gozag.
  1023 | D:2      | Found a hide-covered altar of Uskayaw.
  1026 | D:2      | Gained mutation: A weak demonic guardian rushes to your aid. [demonic ancestry]
  1026 | D:2      | Reached XP level 4. HP: 29/35 MP: 4/4
  1285 | D:3      | Noticed Natasha
  1292 | D:3      | Killed Natasha
  1322 | D:3      | Gained mutation: A demonic guardian rushes to your aid. [demonic ancestry]
  1322 | D:3      | Reached XP level 5. HP: 41/41 MP: 5/5
  1379 | D:3      | Noticed Jessica
  1380 | D:3      | Found a faded altar of an unknown god.
  1385 | D:3      | Killed Jessica
  1541 | D:3      | Found an ornate altar of the Wu Jian Council.
  1668 | D:3      | Noticed Natasha
  1693 | D:3      | Killed Natasha
  1704 | D:3      | Noticed Natasha
  1947 | D:3      | Killed Natasha
  2197 | D:3      | Found a glowing silver altar of Zin.
  2230 | D:3      | Noticed Terence
  2252 | D:3      | Killed Terence
  2252 | D:3      | Reached XP level 6. HP: 4/48 MP: 6/6
  2252 | D:3      | Engulfed by a cloud of flame

Skill      XL: |  1  2  3  4 |
---------------+-------------+-----
Long Blades    | 2 3 |  3.6
Armour         | 3 |  3.4
Dodging        | 1 |  1.9
Shields        | 3 |  3.4
Fighting       | |  3.9

Action                   |  1- 3 |  4- 6 || total
-------------------------+-------+-------++-------
Melee: Long sword        |    80 |    85 ||   165
       Headbutt          |    13 |    25 ||    38
Throw: Stone             |       |     8 ||     8
  Use: Scroll            |       |     2 ||     2
       Potion            |       |     2 ||     2
  Eat: Chunk             |       |     2 ||     2
       Ration            |       |     1 ||     1
Armor: Scale mail        |    39 |    34 ||    73
Dodge: Dodged            |    38 |    29 ||    67
Block: Shield            |    45 |    41 ||    86
       Rpst.: Long sword |     8 |     6 ||    14
